 Dungeon Crawl Stone Soup version 0.31-a0-960-g0fca184906 (webtiles) character file.

Game seed: 24024025506860023

933 Azuregosa the Changeling (level 8, -8/48 HPs)
             Began as an Octopode Shapeshifter on Oct 23, 2023.
             Was a Believer of Vehumet.
             Killed from afar by a steam dragon (18 damage)
             ... with a ball of steam
             ... on level 6 of the Dungeon.
             The game lasted 00:19:37 (5546 turns).

Azuregosa the Changeling (Octopode Shapeshifter)    Turns: 5546, Time: 00:19:40

Health: -8/48      AC:  1    Str: 14    XL:     8   Next: 11%
Magic:  0/11       EV: 13    Int: 12    God:    Vehumet [**....]
Gold:   277        SH:  0    Dex: 13    Spells: 7/11 levels left

rFire   . .          .
                       - Unarmed
rCold   . . .        (shield currently unavailable)
rNeg    . . .        (helmet restricted)
rPois   .            n - amulet of guardian spirit
rElec   .            (no ring)
rCorr   .            (no ring)
SInv    .            (no ring)
Will    .....        (no ring)
Stlth   +            (no ring)
HPRegen 0.28/turn    (no ring)
MPRegen 0.12/turn    (no ring)
                     (no ring)

%: guardian spirit
@: flux-form, glowing
A: glow, contaminating, almost no armour, amphibious, 8 rings, camouflage 1,
gelatinous body 1, (nimble swimmer 1), tentacles
a: Begin Untransformation, Renounce Religion


You were on level 6 of the Dungeon.
You worshipped Vehumet.
Vehumet was pleased with you.
You were something dangerously unstable.
You visited 2 branches of the dungeon, and saw 7 of its levels.

You collected 277 gold pieces.

Inventory:

Hand Weapons
 t - a +2 dagger of venom
 C - a +0 dagger of protection
 E - a +0 short sword of freezing
Missiles
 e - 2 atropa-tipped darts
 f - 6 boomerangs
 j - 30 stones
 k - a throwing net
 l - 11 poisoned darts
Jewellery
 n - an amulet of guardian spirit (around mantle)
Talismans
 b - a beast talisman
 c - a flux talisman (active)
 r - a blade talisman
Wands
 u - a wand of polymorph (6)
Scrolls
 i - a scroll of enchant weapon {unknown}
 v - a scroll of identify
 w - a scroll of torment {unknown}
 x - 3 scrolls of teleportation
 y - 2 scrolls of revelation
 z - a scroll of vulnerability
 A - a scroll of poison
 D - a scroll of amnesia
Potions
 a - a potion of lignification
 d - a potion of degeneration {unknown}
 g - a potion of haste {unknown}
 h - 2 potions of attraction {unknown}
 m - a potion of might {unknown}
 o - 2 potions of brilliance {unknown}
 p - 4 potions of curing {unknown}
 s - 2 potions of enlightenment {unknown}


   Skills:
 - Level 1.0 Fighting
 - Level 2.0 Dodging
 - Level 3.0 Unarmed Combat
 + Level 2.2 Spellcasting
 + Level 2.4 Conjurations
 + Level 2.4 Air Magic
 + Level 7.6 Shapeshifting


You had 7 spell levels left.
You knew the following spells:

 Your Spells              Type           Power      Damage    Failure   Level
a - Sandblast             Erth           2%         2d4       26%         1
b - Mephitic Cloud        Conj/Pois/Air  5%         N/A       38%         3

Your spell library contained the following spells:

 Spells                   Type           Power      Damage    Failure   Level
 Sublimation of Blood     Necr           1%         N/A       38%         2
 Petrify                  Tmut/Erth      1%         N/A       95%         4
 Irradiate                Conj/Tmut      2%         3d12      99%         5


Dungeon Overview and Level Annotations

Branches:
Dungeon (6/15)             Temple (1/1) D:4

Altars:
Dithmenos
Fedhas
Kikubaaqudgha
Makhleb
Nemelex Xobeh
Okawaru
Qazlal
Sif Muna
Trog
Vehumet
Wu Jian
Yredelemnul
The Shining One

Annotations:
D:5 3 runed translucent doors, Domino's ghost, novice DECj


Innate Abilities, Weirdness & Mutations

You are something dangerously unstable.
You glow with magical radiation, making you easy to see and hit.
Foes you strike become dangerously contaminated with magical radiation.
You are incapable of wielding weapons or throwing items.
You cannot wear most types of armour.
You are amphibious.
You can wear up to eight rings at the same time.
Your skin changes colour to match your surroundings (Stealth+).
Your rubbery body absorbs attacks. (AC +1, EV +1)
((You are camouflaged when in or above water. (Stealth+)))
You have tentacles for arms and can constrict up to eight enemies at once.


Message History

You closely miss the steam dragon.
You are engulfed in a cloud of scalding steam.
The steam dragon bites you! The steam dragon barely misses you.
You tentacle-slap the steam dragon.
The steam dragon begins to glow.
The steam dragon is lightly wounded.
You are engulfed in a cloud of scalding steam.
* * * LOW HITPOINT WARNING * * *
The steam dragon bites you!
* * * LOW HITPOINT WARNING * * *
The steam dragon claws you.
* * * LOW HITPOINT WARNING * * *
You feel much better. The steam dragon bites you!
The steam dragon closely misses you.
You tentacle-slap the steam dragon but do no damage.
The steam dragon glows dangerously bright.
The steam dragon is lightly wounded.
The steam dragon barely misses you. The steam dragon misses you.
You tentacle-slap the steam dragon but do no damage.
The steam dragon shudders as magic cascades through it.
The steam dragon twists and deforms.
You squeeze the steam dragon.
The steam dragon is lightly wounded.
You completely miss the steam dragon.
The steam dragon is lightly wounded.
The steam dragon closely misses you.
The steam dragon claws you but does no damage.
You tentacle-slap the steam dragon.
The steam dragon begins to glow.
You squeeze the steam dragon, but do no damage.
The steam dragon is moderately wounded.
The steam dragon breathes steam at you. The ball of steam hits you!
* * * LOW HITPOINT WARNING * * *
The steam dragon closely misses you. The steam dragon claws you.
* * * LOW HITPOINT WARNING * * *
You tentacle-slap the steam dragon.
The steam dragon glows dangerously bright.
Your squeeze misses the steam dragon.
The steam dragon is moderately wounded.
The steam dragon breathes steam at you. The ball of steam hits you!!
You die...

## .# .# .##
##D######
##§p.....#
#.#§..####.#
#§.....##.###
###..#......#
##..#......#
............#
####........#
###.###..# ####
####.###..#.....


You could see a steam dragon (heavy contam, catching breath, misshapen).

Vanquished Creatures
  A water moccasin (D:6)
  An ice beast (D:5)
  An ogre (D:5)
  A phantom (D:5)
  3 scorpions (D:5)
  A hound (D:5)
  Jessica (D:2)
  2 orc wizards
  4 gnolls (D:3)
  12 adders
  A worm (D:5)
  3 dart slugs
  22 orcs
  8 endoplasms
  4 giant cockroaches
  6 goblins
  12 hobgoblins
  6 jackals
  7 kobolds
  5 quokkas
  10 ball pythons
  7 bats
  2 frilled lizards
  4 rats (D:2)
124 creatures vanquished.

Notes
Turn   | Place    | Note
-------+----------+-------------------------------------------
     0 | D:1      | Azuregosa the Octopode Shapeshifter began the quest for the
                  | Orb.
     0 | D:1      | Reached XP level 1. HP: 13/13 MP: 1/1
   130 | D:1      | You fall into a shaft and drop 1 floor!
   244 | D:1      | Reached XP level 2. HP: 11/18 MP: 2/2
   660 | D:1      | Reached XP level 3. HP: 16/23 MP: 3/3
   679 | D:1      | Reached skill level 4 in Shapeshifting
  1262 | D:2      | Reached XP level 4. HP: 21/28 MP: 4/4
  1498 | D:2      | Found a faded altar of an unknown god.
  1509 | D:2      | Prayed at the altar of an unknown god.
  1509 | D:2      | Became a worshipper of Vehumet
  1509 | D:2      | Reached * piety under Vehumet
  1509 | D:2      | Offered knowledge of Kiss of Death by Vehumet.
  1761 | D:2      | Noticed Jessica
  1899 | D:2      | Killed Jessica
  1900 | D:2      | Reached skill level 5 in Shapeshifting
  1900 | D:2      | Reached XP level 5. HP: 27/33 MP: 5/5
  2131 | D:3      | Found a bloodstained altar of Trog.
  2387 | D:3      | Found a sparkling altar of Nemelex Xobeh.
  2416 | D:3      | Reached ** piety under Vehumet
  2416 | D:3      | Offered knowledge of Sandblast by Vehumet.
  2440 | D:3      | Learned a level 1 spell: Sandblast
  2653 | D:3      | Found a shimmering blue altar of Sif Muna.
  2701 | D:3      | Reached skill level 6 in Shapeshifting
  3054 | D:4      | Reached XP level 6. HP: 32/38 MP: 6/6
  3068 | D:4      | Found a staircase to the Ecumenical Temple.
  3082 | Temple   | Entered the Ecumenical Temple
  3147 | D:4      | Found an iron altar of Okawaru.
  3508 | D:4      | Found a stormy altar of Qazlal.
  3582 | D:5      | Entered Level 5 of the Dungeon
  3787 | D:5      | Reached skill level 7 in Shapeshifting
  3917 | D:5      | Offered knowledge of Mephitic Cloud by Vehumet.
  3918 | D:5      | Reached XP level 7. HP: 40/43 MP: 7/7
  3922 | D:5      | Learned a level 3 spell: Mephitic Cloud
  4351 | D:5      | Reached skill level 1 in Spellcasting
  4351 | D:5      | Reached skill level 1 in Conjurations
  4351 | D:5      | Reached skill level 1 in Air Magic
  4992 | D:5      | Found a runed translucent gate.
  4992 | D:5      | Found a runed translucent gate.
  4992 | D:5      | Found a runed translucent gate.
  4993 | D:5      | Noticed Domino's ghost (novice DECj)
  5341 | D:6      | Reached XP level 8. HP: 9/48 MP: 5/11
  5539 | D:6      | HP: 2/48 [steam dragon (2)]
  5546 | D:6      | Killed from afar by a steam dragon

Illustrated notes

Levels and vault maps discovered:
D:1:      nagdon_arrival_zigzag_paths, layout_basic, minmay_pentomino_z2
D:2:      layout_loops_ring, ebering_ecumenical_altar_petrified,
          minmay_joined_circles, uniq_jessica
D:3:      layout_loops_ring, mainiacjoe_overflow_six_doors_small,
          mainiacjoe_overflow_catwalk, mainiacjoe_overflow_surrounded_room,
          nrook_mini_backslash
D:4:      layout_rooms, kennysheep_okawaru_gauntlet,
          mainiacjoe_overflow_24_doors, minmay_temple_entry_purple_smoke
D:5:      layout_layer_cave, ebering_ghost_rock_garden
D:6:      layout_loops_cross, nicolae_ru_great_annihilating_truth, slow_altar_2,
          grunt_ministairs_12, chequers_serial_rivers_large_b
Temple:   nicolae_temple_two_arcs

Skill      XL: |  1  2  3  4  5  6  7 |
---------------+----------------------+-----
Shapeshifting  | 4 5 6 7 |  7.6
Spellcasting   | 2 |  2.2
Conjurations   | 2 |  2.4
Air Magic      | 2 |  2.4
Fighting       | |  1.0
Dodging        | |  2.0
Unarmed Combat | |  3.0

Action                     |  1- 3 |  4- 6 |  7- 9 || total
---------------------------+-------+-------+-------++-------
  Melee: Unarmed           |    73 |   200 |    62 ||   335
         Constrict         |    23 |    61 |    12 ||    96
         Tentacles         |    19 |    54 |    19 ||    92
    Use: Scroll            |       |       |     6 ||     6
         Potion            |       |       |     3 ||     3
   Stab: Sleeping          |     1 |     2 |       ||     3
 Armour: Skin              |    24 |    71 |    42 ||   137
  Dodge: Dodged            |    52 |   111 |    33 ||   196
   Form: Flux              |     1 |       |       ||     1

Table legend: (Time is in decaauts)
 A = Elapsed time spent in this place.
 B = Non-inter-level travel time spent in this place.
 C = Inter-level travel time spent in this place.
 D = Time resting spent in this place.
 E = Time spent auto-exploring this place.
 F = Levels seen in this place.
 G = Mean time per level.
                   A        B        C        D        E       F      G
               +--------+--------+--------+--------+--------+-----+--------+
         Total |   5521 |   5361 |    160 |   1225 |   3113 |   7 |  788.7 |
       Dungeon |   5519 |   5359 |    160 |   1225 |   3113 |   6 |  919.8 |
        Temple |      1 |      1 |      0 |      0 |      0 |   1 |    1.0 |
               +--------+--------+--------+--------+--------+-----+--------+

Top non-repeatable levels by time:
     D:5: 1844 daAuts
     D:1: 1145 daAuts
     D:2: 945 daAuts
     D:3: 881 daAuts
     D:4: 588 daAuts
     D:6: 114 daAuts
  Temple: 1 daAuts
